 Dungeon Crawl Stone Soup version 0.21.1-1-g345015fe64 (webtiles) character file.

150 Kohma the Skirmisher (level 5, -8/48 HPs)
             Began as a Ghoul Monk on June 23, 2018.
             Was a Follower of Kikubaaqudgha.
             Mangled by kaisn's ghost (11 damage)
             ... on level 3 of the Dungeon.
             The game lasted 00:10:13 (3390 turns).

Kohma the Skirmisher (Ghoul Monk)                   Turns: 3390, Time: 00:10:13

Health: -8/48      AC:  7    Str: 21    XL:     5   Next: 32%
Magic:  4/4        EV: 11    Int:  5    God:    Kikubaaqudgha [*.....]
Gold:   143        SH:  0    Dex: 11    Spells: 3/4 levels left

rFire    + . .     SeeInvis +   a - +0 spear
rCold    + . .     Gourm    .   (no shield)
rNeg     + + +     Faith    .   j - +1 ring mail {rF+}
rPois    ∞         Spirit   .   (no helmet)
rElec    .         Reflect  .   l - +0 cloak
rCorr    .         Harm     .   (no gloves)
MR       .....                  (no boots)
Stlth    +.........             (no amulet)
HPRegen  0.00/turn              g - ring of see invisible
MPRegen  0.09/turn              (no ring)

@: mighty, rotting
A: rotting body, claws 1, carnivore, cold resistance 1, negative energy
resistance 3, inhibited regeneration, torment resistance, unbreathing
a: Receive Corpses, Renounce Religion


You were on level 3 of the Dungeon.
You worshipped Kikubaaqudgha.
Kikubaaqudgha was aware of your devotion.
You were not hungry.

You visited 1 branch of the dungeon, and saw 3 of its levels.

You collected 143 gold pieces.

Inventory:

Hand Weapons
 a - a +0 spear (weapon)
 b - a +0 hunting sling
Missiles
 d - 115 stones (quivered)
 e - 9 bolts
Armour
 j - a +1 ring mail of fire resistance (worn)
 l - a +0 cloak (worn)
Jewellery
 g - a ring of see invisible (left claw)
Scrolls
 f - a scroll of teleportation {unknown}
 h - a scroll of enchant weapon {unknown}
 p - a scroll of identify
Potions
 k - 2 potions of curing {unknown}
Books
 o - Kikubaaqudgha's Almanac of Evil
   (Kikubaaqudgha gifted it to you on level 2 of the Dungeon)

   Spells                             Type                      Level
   a - Animate Skeleton               Necromancy                   1
   b - Pain                           Necromancy                   1
   c - Corpse Rot                     Necromancy                   2
   d - Vampiric Draining              Necromancy                   3
Comestibles
 c - 2 rations


   Skills:
 + Level 5.0 Fighting
 * Level 4.2 Polearms
 - Level 2.6 Dodging
 - Level 2.1 Stealth
 + Level 0.0 Spellcasting
 * Level 0.0 Necromancy


You had 3 spell levels left.
You knew the following spells:

 Your Spells              Type           Power        Failure   Level  Hunger
a - Animate Skeleton      Necr           N/A          65%         1    ##.....


Dungeon Overview and Level Annotations

Branches:
Dungeon (3/15)

Altars:
Cheibriados
Kikubaaqudgha

Annotations:
D:2 exclusion: downstairs
D:3 kaisn's ghost, amateur FoFi


Innate Abilities, Weirdness & Mutations

Your body is rotting away.
You thrive on raw meat.
You are immune to poison.
You have sharp fingernails.
You are carnivorous and can eat meat at any time.
Your flesh is cold resistant. (rC+)
You are immune to negative energy. (rN+++)
You do not regenerate when monsters are visible.
You are immune to unholy pain and torment.
You can survive without breathing.


Message History

Kaisn's ghost shrieks, "You will never get the ORB!"
Kaisn's ghost hits you.
You puncture kaisn's ghost!
Kaisn's ghost is moderately damaged.
Kaisn's ghost hits you but does no damage.
You puncture kaisn's ghost!
Kaisn's ghost is heavily damaged.
You closely miss kaisn's ghost.
Kaisn's ghost is heavily damaged.
Kaisn's ghost hits you.
You hit kaisn's ghost.
Kaisn's ghost is severely damaged.
Kaisn's ghost hits you!
You barely miss kaisn's ghost.
Kaisn's ghost is severely damaged.
Kaisn's ghost hits you!
* * * LOW HITPOINT WARNING * * *
Kaisn's ghost hits you!
You die...
Kikubaaqudgha rasps: "You have failed me!
Welcome... oblivion!"

.##....#...).......# . .#....#
.......#...........# .. .....#
.##....#...........# .#... #..#.#
.................#.#..#....#..#.#
.#.....##........#.#.##....#..#.#
.#.........................#..#.#
.#..........####.#.#..........#.#
.#.......#..####.#.##.#...###.#.#
................@W..#.#...###.#..
.#.#...###..........#...........#
....................#.##..#####.#
.........[....##....#.##.<.......
............#.##......##..#####.#
..........................# #.#
..........#.#..#...####...# #.#
..................<.......# #.#
#...#####.####.#..######..#####.#


You could see kaisn's ghost.

Vanquished Creatures
  An orc wizard (D:3)
  Terence (D:2)
  2 adders (D:2)
  A worm (D:2)
  A dart slug (D:2)
  3 orcs (D:3)
  A ball python (D:1)
  A goblin (D:2)
  3 hobgoblins
  6 jackals
  8 kobolds
  A quokka (D:3)
  3 bats (D:2)
  5 frilled lizards
  7 rats
44 creatures vanquished.

Vanquished Creatures (collateral kills)
  A crimson imp (D:3)
  A kobold (D:3)
2 creatures vanquished.

Grand Total: 46 creatures vanquished

Notes
Turn   | Place    | Note
-------+----------+-------------------------------------------
     0 | D:1      | Kohma the Ghoul Monk began the quest for the Orb.
     0 | D:1      | Reached XP level 1. HP: 19/19 MP: 0/0
   405 | D:1      | Reached XP level 2. HP: 15/26 MP: 1/1
  1171 | D:2      | Noticed Terence
  1203 | D:2      | Killed Terence
  1203 | D:2      | Reached skill level 4 in Fighting
  1203 | D:2      | Reached XP level 3. HP: 19/32 MP: 2/2
  1627 | D:2      | Reached XP level 4. HP: 17/40 MP: 3/3
  1877 | D:2      | Found a snail-covered altar of Cheibriados.
  2163 | D:2      | Found an ancient bone altar of Kikubaaqudgha.
  2181 | D:2      | Became a worshipper of Kikubaaqudgha
  2181 | D:2      | Reached * piety under Kikubaaqudgha
  2181 | D:2      | Identified Kikubaaqudgha's Almanac of Evil (Kikubaaqudgha gifted it to you on level 2 of the Dungeon)
  2181 | D:2      | Received a gift from Kikubaaqudgha
  2181 | D:2      | Reached ** piety under Kikubaaqudgha
  2185 | D:2      | Learned a level 1 spell: Animate Skeleton
  2517 | D:3      | HP: 1/41 [orc/club (5)]
  2522 | D:3      | Reached XP level 5. HP: 1/47 MP: 4/4
  2682 | D:3      | Reached skill level 5 in Fighting
  2779 | D:3      | Noticed kaisn's ghost (amateur FoFi)
  3390 | D:3      | Mangled by kaisn's ghost

Skill      XL: |  1  2  3  4  5 |
---------------+----------------+-----
Polearms       | 3 4 |  4.2
Fighting       | 4 5 |  5.0
Dodging        | |  2.6
Stealth        | |  2.1

Action                   |  1- 3 |  4- 6 || total
-------------------------+-------+-------++-------
Melee: Spear             |   114 |   147 ||   261
 Fire: Hunting sling     |     4 |       ||     4
 Cast: Animate Skeleton  |       |     4 ||     4
  Use: Scroll            |     5 |       ||     5
       Potion            |       |     2 ||     2
 Stab: Sleeping          |     3 |     1 ||     4
  Eat: Chunk             |     9 |    15 ||    24
Armor: Robe              |     2 |       ||     2
       Leather armour    |    14 |    33 ||    47
       Ring mail         |       |    11 ||    11
Dodge: Dodged            |    56 |    98 ||   154
